 Dungeon Crawl Stone Soup version 0.28-a0-863-g8cecda6153 (webtiles) character file.

Game seed: 4677287289257266672

359 ytrimaz the Chopper (level 6, -1/48 HPs)
             Began as a Formicid Fighter on Nov 17, 2021.
             Slain by an orc (4 damage)
             ... on level 4 of the Dungeon.
             The game lasted 00:03:05 (3196 turns).

ytrimaz the Chopper (Formicid Fighter)              Turns: 3196, Time: 00:03:06

Health: -1/48      AC:  7    Str: 22    XL:     6   Next: 98%
Magic:  6/6        EV:  9    Int:  8    God:
Gold:   133        SH:  4    Dex: 10    Spells: 5/5 levels left

rFire   . . .      SeeInvis +   a - +0 war axe
rCold   . . .      Faith    .   c - +0 buckler
rNeg    + . .      Spirit   .   h - +0 scale mail {rN+}
rPois   .          Reflect  .   (helmet unavailable)
rElec   .          Harm     .   (no cloak)
rCorr   .          Rampage  .   (no gloves)
Will    .....                   (no boots)
Stlth   ..........              (no amulet)
HPRegen 0.16/turn               (no ring)
MPRegen 0.10/turn               (no ring)

@: no status effects
A: permanent stasis, dig shafts and tunnels, antennae 3, four strong arms
a: Dig, Shaft Self


You were on level 4 of the Dungeon.
You visited 1 branch of the dungeon, and saw 4 of its levels.

You collected 133 gold pieces.

Inventory:

Hand Weapons
 a - a +0 war axe (weapon)
Missiles
 l - 6 silver javelins
Armour
 c - a +0 buckler (worn)
 h - a +0 scale mail of positive energy (worn)
Scrolls
 e - a scroll of vulnerability
 i - a scroll of teleportation {unknown}
 j - a scroll of enchant weapon
Potions
 d - a potion of might
 f - a potion of haste {unknown}
 g - a potion of brilliance {unknown}


   Skills:
 + Level 4.1 Fighting
 * Level 5.4 Axes
 + Level 4.6 Armour
 + Level 4.1 Shields


You had 5 spell levels left.
You didn't know any spells.
Your spell library was empty.

Dungeon Overview and Level Annotations

Branches:
Dungeon (4/15)
 Temple: D:4-7

Altars:

Shops:
D:1 (:


Innate Abilities, Weirdness & Mutations

You cannot be hasted, slowed, berserked, paralysed or teleported.
You can dig through walls and to a lower floor.
You have a pair of large antennae on your head. (SInv)
Your four strong arms can wield two-handed weapons with a shield.


Message History

You kill the orc wizard!
You closely miss the orc. You barely miss the orc wizard.
The orc wizard is moderately wounded.
You barely miss the orc wizard.
The orc wizard is moderately wounded.
The orc wizard hits you with a +0 dagger.
* * * LOW HITPOINT WARNING * * *
The orc wizard hits you but does no damage.
You slash the orc wizard!
You kill the orc wizard!
The orc closely misses you.
You slash the orc!
You kill the orc!
You barely miss the orc. You block the orc's attack. The orc barely misses you.
You hit the orc but do no damage. The orc barely misses you.
You hit the orc but do no damage.
You start to feel less resistant.
The orc hits you with a +0 flail.
* * * LOW HITPOINT WARNING * * *
You slash the orc!
You kill the orc!
You barely miss the orc. The orc barely misses you.
You barely miss the orc. The orc closely misses you.
You hit the orc.
The orc is heavily wounded.
The orc hits you with a +0 club.
* * * LOW HITPOINT WARNING * * *
The orc hits you but does no damage.
Your scale mail prevents you from hitting the orc.
The orc is heavily wounded.
Your resistance to elements expires.
The orc hits you but does no damage.
You barely miss the orc.
The orc is moderately wounded.
The orc hits you but does no damage.
You hit the orc.
The orc is heavily wounded.
The orc hits you with a +0 club.
You die...

#..####........##
###..#....#....##
#####......# ##.#
#....####.## ##
....#........## #
#..........# ##
#.........#.# #.#
#........>##.## #..##
#.........####@##....#
##.......## #o#.....#
##.....## #...)...##
###..# #...)....# ###
#..)))....#
#..........#
#...........#
#...........#
#...........#


You could see an orc.

Vanquished Creatures
  A phantom (D:4)
  A jelly (D:3)
  An orc priest (D:4)
  2 orc wizards (D:4)
  A killer bee zombie (D:3)
  7 adders
  2 worms
  3 dart slugs (D:3)
  6 orcs (D:4)
  3 endoplasms
  4 giant cockroaches
  7 goblins
  12 hobgoblins
  7 quokkas
  5 ball pythons
  2 bats (D:3)
  3 frilled lizards (D:1)
  3 kobolds
  4 rats
74 creatures vanquished.

Vanquished Creatures (collateral kills)
  A goblin (D:1)
  A kobold (D:1)
2 creatures vanquished.

Grand Total: 76 creatures vanquished

Notes
Turn   | Place    | Note
-------+----------+-------------------------------------------
     0 | D:1      | ytrimaz the Formicid Fighter began the quest for the Orb.
     0 | D:1      | Reached XP level 1. HP: 18/18 MP: 1/1
   139 | D:1      | Reached XP level 2. HP: 24/24 MP: 2/2
   499 | D:1      | Found Gitaig's Weapon Shoppe.
   517 | D:1      | Found Wycris's Book Emporium.
   684 | D:1      | Reached XP level 3. HP: 29/29 MP: 3/3
   782 | D:1      | Found a faded altar of an unknown god.
  1285 | D:2      | Reached skill level 3 in Axes
  1285 | D:2      | Reached XP level 4. HP: 28/36 MP: 4/4
  2088 | D:3      | Reached XP level 5. HP: 32/42 MP: 5/5
  2320 | D:3      | Reached skill level 4 in Axes
  2742 | D:4      | Noticed a phantom
  2761 | D:4      | Killed a phantom
  2762 | D:4      | Reached XP level 6. HP: 10/48 MP: 6/6
  3174 | D:4      | Reached skill level 5 in Axes
  3196 | D:4      | Slain by an orc

Illustrated notes

Levels and vault maps discovered:
D:1:      sevenhm_arrival_forest_fort_large_2, layout_basic,
          shapermc_ecumenical_altar_ellora, serial_shops, shop,
          nicolae_shop_bloodbath_and_beyond
D:2:      layout_basic, serial_rivers, chequers_serial_rivers_micro_b,
          chequers_serial_rivers_room_b, chequers_serial_rivers_small_a,
          chequers_serial_rivers_large_b, chequers_serial_rivers_small_b
D:3:      layout_loops_ring
D:4:      layout_cave_pods, gammafunk_ghost_grave

Skill      XL: |  1  2  3  4  5  6 |
---------------+-------------------+-----
Axes           | 3 4 5 |  5.4
Shields        | 4 |  4.1
Armour         | 4 |  4.6
Fighting       | 4 |  4.1

Action                   |  1- 3 |  4- 6 || total
-------------------------+-------+-------++-------
Melee: War axe           |    74 |   131 ||   205
  Use: Scroll            |     2 |     2 ||     4
       Potion            |       |     2 ||     2
Armor: Scale mail        |    49 |    49 ||    98
Dodge: Dodged            |    30 |    68 ||    98
Block: Buckler           |    17 |    26 ||    43

Table legend: (Time is in decaauts)
 A = Elapsed time spent in this place.
 B = Non-inter-level travel time spent in this place.
 C = Inter-level travel time spent in this place.
 D = Time resting spent in this place.
 E = Time spent auto-exploring this place.
 F = Levels seen in this place.
 G = Mean time per level.
                   A        B        C        D        E       F      G
               +--------+--------+--------+--------+--------+-----+--------+
         Total |   3293 |   3171 |    122 |    118 |   2526 |   4 |  823.2 |
       Dungeon |   3293 |   3171 |    122 |    118 |   2526 |   4 |  823.2 |
               +--------+--------+--------+--------+--------+-----+--------+

Top non-repeatable levels by time:
     D:1: 1028 daAuts
     D:3: 902 daAuts
     D:2: 799 daAuts
     D:4: 563 daAuts
